 Seeded DCSS version 0.30.1-11-g7821555f0a (webtiles) character file.

Game seed: 5 (custom seed)

5 Kazon the Ducker (level 1, 17/17 HPs)
             Began as a Ghoul Gladiator on Oct 31, 2023.
             Quit the game on level 1 of the Dungeon.
             The game lasted 00:00:22 (42 turns).

Kazon the Ducker (Ghoul Gladiator)                    Turns: 42, Time: 00:00:23

Health: 17/17      AC:  4    Str: 17    XL:     1   Next: 80%
Magic:  0/0        EV: 12    Int:  3    God:
Gold:   0          SH:  0    Dex: 10    Spells: 0/0 levels left

rFire   . . .        a - +0 war axe
rCold   + . .        (no shield)
rNeg    + + +        b - +0 leather armour
rPois   ∞            c - +0 helmet
rElec   .            (no cloak)
rCorr   .            (no gloves)
SInv    .            (no boots)
Will    .....        (no amulet)
Stlth   +            (no ring)
HPRegen 0.22/turn    (no ring)
MPRegen 0.07/turn

%: no passive effects
@: no status effects
A: claws 1, cold resistance 1, negative energy resistance 3, inhibited
regeneration, torment resistance 2, devour on kill
a: no special abilities


You were on level 1 of the Dungeon.
You visited 1 branch of the dungeon, and saw 1 of its levels.

Inventory:

Hand Weapons
 a - a +0 war axe (weapon)
Missiles
 d - 3 throwing nets
 e - a javelin (quivered)
Armour
 b - a +0 leather armour (worn)
 c - a +0 helmet (worn)
Scrolls
 f - a scroll of acquirement


   Skills:
 + Level 2.2 Fighting
 + Level 2.8 Axes
 + Level 1.7 Throwing
 + Level 2.8 Dodging


You couldn't memorise any spells.
You didn't know any spells.
Your spell library was empty.

Dungeon Overview and Level Annotations

Branches:
Dungeon (1/15)

Altars:


Innate Abilities, Weirdness & Mutations

You are immune to poison.
You have sharp fingernails.
Your flesh is cold resistant. (rC+)
You are immune to negative energy. (rN+++)
You do not regenerate when monsters are visible.
You are immune to unholy pain and torment.
You thrive by killing the living.


Message History

The jackal barely misses you.
A jackal comes into view.
You miss the jackal. The jackal closely misses you.
The jackal barely misses you.
You miss the jackal.
The jackal barks!
The jackal closely misses you. x2
You barely miss the jackal. The jackal closely misses you. x2
You completely miss the jackal.
The jackal bites you but does no damage.
The jackal barely misses you.
You miss the jackal.
The jackal bites you but does no damage.
You closely miss the jackal. The jackal bites you.
The jackal bites you but does no damage.
You barely miss the jackal. The jackal closely misses you.
The jackal bites you but does no damage.
You slash the jackal!
You kill the jackal!
The jackal closely misses you.
You closely miss the jackal. The jackal closely misses you. x2
You closely miss the jackal.
The jackal stops to sniff the ground.
The jackal bites you. The jackal barely misses you.
You slash the jackal!
You kill the jackal!
You feel better. The jackal barely misses you.
You barely miss the jackal. The jackal barely misses you.
The jackal closely misses you.
You closely miss the jackal.
The jackal bites you but does no damage. x2
You slash the jackal!
You kill the jackal!
Things that are here:
a jackal corpse; a jackal corpse; a jackal corpse
Found a leather armour.
Found a scroll labelled FONWUV KIWOG.
f - a scroll labelled FONWUV KIWOG This is a scroll of acquirement!
Are you sure you want to abandon this character and quit the game? (Confirm with "yes".)

#[........~
####+###.####...~.
#........#.......~
#........###......
#.........†.......
#.........###.....
#.........# #.....
#.........# #.....
#@######..# #.....
#.........# #.....
#.######### .....
#.# #.# #.# #.#
..#


There were no monsters in sight!

Vanquished Creatures
  4 jackals (D:1)
4 creatures vanquished.

Notes
Turn   | Place    | Note
-------+----------+-------------------------------------------
     0 | D:1      | Kazon the Ghoul Gladiator began the quest for the Orb.
     0 | D:1      | Reached XP level 1. HP: 17/17 MP: 0/0
    42 | D:1      | Identified a scroll of acquirement
    42 | D:1      | Quit the game

Illustrated notes

Levels and vault maps discovered:
D:1:      ebering_trefoil_3fold, layout_basic, st_stairs_14, serial_bayou_ford_a

Action                     || total
---------------------------++-------
  Melee: War axe           ||    16
 Armour: Leather armour    ||     6
  Dodge: Dodged            ||    16
